 Dungeon Crawl Stone Soup version 0.14.0-6-g1bc2dff (console) character file.

286 Irrlicht the Fey Human (level 5, 0/39 HPs)
             Began as a Human Death Knight on Apr 11, 2014.
             Was a Believer of Yredelemnul.
             Slain by a worm (8 damage)
             ... on Level 4 of the Dungeon on Apr 12, 2014.
             The game lasted 01:53:39 (4685 turns).

Irrlicht the Fey Human (Human Death Knight)         Turns: 4685, Time: 01:53:39

HP   0/39        AC  7     Str 14      XL: 5   Next: 51%
MP   9/9         EV  9     Int 12      God: Yredelemnul [**....]
Gold 142         SH  0     Dex 12      Spells:  0 memorised,  4 levels left

rFire  + . .     SeeInvis .     a - +1,+2 hand axe
rCold  x . .     Clarity  .     c - +1 ring mail {rPois}
rNeg   . . .     Conserve .     (no shield)
rPois  +         rCorr    .     (no helmet)
rElec  .         rRot     .     (no cloak)
SustAb . .       Spirit   .     B - +0 pair of gloves
rMut   .         Warding  .     (no boots)
Saprov . . .     Stasis   .     (no amulet)
MR     .....                    n - ring of flight
                                k - ring of fire

@: not resistant to hostile enchantments, extremely unstealthy
A: no striking features
a: Animate Remains, Recall Undead Slaves, Injury Mirror, Renounce Religion,
Evoke Flight


You were on level 4 of the Dungeon.
You worshipped Yredelemnul.
Yredelemnul was pleased with you.
You were not hungry.

You visited 1 branch of the dungeon, and saw 4 of its levels.

You collected 142 gold pieces.

Inventory:

Hand weapons
 a - a +1,+2 hand axe (weapon)
 b - a +0,+0 sling
 f - a +0,+0 dagger
 j - a cursed -2,-1 dagger
 m - a +0,+0 dagger
 p - a +0,+0 short sword
 r - a +0,+0 hand axe
 v - a +0,+0 dagger
Missiles
 d - 28 bolts
 e - 11 sling bullets of flame (quivered)
 h - 19 arrows
 i - 64 stones
 q - 20 sling bullets
 w - 17 darts
Armour
 c - a +1 ring mail of poison resistance (worn)
 B - a +0 pair of gloves (worn)
Magical devices
 g - a wand of slowing (7)
 x - a wand of fire (11)
Comestibles
 t - a choko
 u - 3 bread rations
 z - a meat ration
 A - a chunk of bat flesh
Scrolls
 o - a scroll of teleportation
 s - 2 scrolls of remove curse
 y - a scroll of blinking {unknown}
Jewellery
 k - a ring of fire (left hand)
 n - a ring of flight (right hand)
Potions
 l - a potion of curing


   Skills:
 + Level 2.4 Fighting
 + Level 2.4 Axes
 + Level 0.8 Slings
 + Level 0.2 Throwing
 + Level 2.2 Armour
 + Level 2.0 Dodging
 + Level 0.2 Stealth
 + Level 4.3 Invocations


You had 4 spell levels left.
You didn't know any spells.

Dungeon Overview and Level Annotations

Branches:
Dungeon (4/15)
 Temple: D:4-7

Altars:
Ashenzari
Elyvilon
Fedhas
Xom

Annotations:
D:2 1 exclusion


Message History

You hit the worm.
The worm is moderately wounded.
The worm barely misses you.
You hit the worm.
The worm is moderately wounded.
The worm barely misses you.
You hit the worm.
The worm is heavily wounded.
The worm bites you!
* * * LOW HITPOINT WARNING * * *
You hit the worm but do no damage.
The worm is heavily wounded.
Drink which item? (? for menu, Esc to quit)
You feel better. The worm bites you.
* * * LOW HITPOINT WARNING * * *
You hit the worm.
The worm is heavily wounded.
The worm bites you!
You die...
Your body rises from the dead as a mindless zombie.

######## ..(.....
.........
.....(...#
.....(...#
.........#
........).####+##
#....@........
#....w........
#............
#............
#.....######.
#.....# #.....#
.....# ..#


You could see a worm.

Vanquished Creatures
  Terence (D:3)
  4 adders
  A worm (D:3)
  2 giant geckos
  An ooze (D:2)
  3 orcs (D:3)
  A ball python (D:2)
  4 giant cockroaches
  5 goblins
  10 hobgoblins
  6 jackals
  4 kobolds
  8 bats
  4 giant newts
  8 rats
62 creatures vanquished.

Vanquished Creatures (collateral kills)
  Natasha (D:3)
  3 giant cockroaches
  2 hobgoblins
  A jackal (D:2)
  2 kobolds
  A ball python (D:2)
  2 bats (D:1)
  3 goblins
  A rat (D:3)
16 creatures vanquished.

Vanquished Creatures (others)
  2 bat zombies
  A ball python zombie (D:2)
  2 giant cockroach zombies (D:1)
  A giant newt skeleton (D:2)
  A goblin zombie (D:1)
  5 hobgoblin zombies
  2 jackal zombies (D:2)
  2 kobold zombies
  An orc zombie (D:3)
  2 rat zombies (D:1)
19 creatures vanquished.

Grand Total: 97 creatures vanquished

Notes
Turn   | Place    | Note
--------------------------------------------------------------
     0 | D:1      | Irrlicht, the Human Death Knight, began the quest for the Orb.
     0 | D:1      | Reached XP level 1. HP: 16/16 MP: 2/2
    45 | D:1      | test
   597 | D:1      | Reached XP level 2. HP: 22/22 MP: 3/3
  1093 | D:1      | Reached XP level 3. HP: 17/27 MP: 5/5
  1822 | D:2      | Acquired Yredelemnul's second power
  2110 | D:2      | Found a white marble altar of Elyvilon.
  2248 | D:2      | Reached XP level 4. HP: 9/34 MP: 7/7
  2875 | D:2      | Reached skill level 4 in Invocations
  3486 | D:3      | Paralysed by a potion of paralysis for 2 turns
  3808 | D:3      | Noticed Terence
  3832 | D:3      | Killed Terence
  4026 | D:3      | Reached XP level 5. HP: 39/39 MP: 9/9
  4156 | D:3      | Found a blossoming altar of Fedhas.
  4559 | D:3      | Found a shattered altar of Ashenzari.
  4559 | D:3      | Found a shimmering altar of Xom.
  4559 | D:3      | Noticed Natasha
  4568 | D:3      | Killed Natasha
  4685 | D:4      | Slain by a worm

Action                   |  1- 3 |  4- 6 || total
-------------------------+-------+-------++-------
Melee: Hand axe          |   143 |   118 ||   261
 Fire: Sling             |       |    12 ||    12
Throw: Stone             |    13 |       ||    13
Invok: Animate Remains   |    18 |    20 ||    38
Evoke: Wand              |       |     1 ||     1
  Use: Scroll            |     1 |     8 ||     9
       Potion            |       |     5 ||     5
